 Dungeon Sprint DCSS version 0.31-a0-960-g0fca184906 (webtiles) character file.

Game seed: 4309975083644063710

162 sircluck the Ruffian (level 5, 0/59 HPs)
             Began as a Troll Berserker on Oct 23, 2023.
             Was an Elder of Trog.
             Slain by a wight
             ... wielding a +0 long sword
              (15 damage)
             ... in the Dungeon (Sprint VII: "The Pits").
             The game lasted 00:00:26 (200 turns).

sircluck the Ruffian (Troll Berserker)               Turns: 200, Time: 00:00:27

Health: 0/59       AC:  4    Str: 27    XL:     5   Next: 19%
Magic:  4/4        EV: 11    Int:  3    God:    Trog [****..]
Gold:   0          SH:  0    Dex:  9    Spells: 4/4 levels left

rFire   . .          .
                       - Unarmed
rCold   . . .        (no shield)
rNeg    . . .        a - +0 animal skin
rPois   .            (helmet restricted)
rElec   .            (no cloak)
rCorr   .            (gloves unavailable)
SInv    .            (boots unavailable)
Will    .....        (no amulet)
Stlth   +            (no ring)
HPRegen 1.09/turn    (no ring)
MPRegen 0.09/turn

%: no teleportation
@: no status effects
A: large, unfitting armour, claws 3, regeneration 1, shaggy fur 1, tough skin 1
a: Renounce Religion, Berserk, Trog's Hand, Brothers in Arms


You were in the Dungeon.
You worshipped Trog.
Trog was greatly pleased with you.
You visited 1 branch

Inventory:

Armour
 a - a +0 animal skin (worn)
Scrolls
 g - a scroll of blinking
 i - 2 scrolls of vulnerability
 j - a scroll of butterflies
Potions
 b - 6 potions of curing
 c - 6 potions of heal wounds
 d - a potion of haste
 e - 4 potions of magic
 f - 3 potions of berserk rage
 h - 2 potions of invisibility


   Skills:
 + Level 5.7 Fighting
 + Level 5.6 Dodging
 + Level 6.7 Unarmed Combat


You had 4 spell levels left.
You didn't know any spells.
Your spell library was empty.

Dungeon Overview and Level Annotations

Branches:
Dungeon (1/1)

Altars:
Ashenzari
Cheibriados
Dithmenos
Elyvilon
Fedhas
Gozag
Hepliaklqana
Kikubaaqudgha
Makhleb
Nemelex Xobeh
Okawaru
Qazlal
Ru
Sif Muna
Trog
Uskayaw
Vehumet
Wu Jian
Xom
Yredelemnul
Zin
The Shining One
Jiyva
Lugonu


Innate Abilities, Weirdness & Mutations

You are too large for most types of armour.
You have claws for hands.
Your natural rate of healing is unusually fast.
You are covered in fur. (AC +1)
You have tough skin. (AC +1)


Message History

There are monsters nearby!
There are monsters nearby!
There are monsters nearby!
There are monsters nearby!
There are monsters nearby!
There are monsters nearby!
You claw the wight!
The wight is almost destroyed.
You barely miss the wight. Your claw misses the wight.
The wight is almost destroyed.
The wight barely misses you.
You barely miss the wight.
The wight is almost destroyed.
The wight hits you with a +3 dire flail of freezing!
You feel drained. The wight freezes you.
You scratch the wight but do no damage.
The wight is almost destroyed.
The wight barely misses you.
You barely miss the wight.
The wight is almost destroyed.
The wight hits you with a +3 dire flail of freezing!!
The wight freezes you!
* * * LOW HITPOINT WARNING * * *
You closely miss the wight.
The wight is almost destroyed.
The wight closely misses you.
You closely miss the wight.
The wight is almost destroyed.
The wight closely misses you.
You scratch the wight.
You destroy the wight!
Trog accepts your kill.
You can now call in reinforcements.
Your life force feels restored.
You have reached level 5!
Unknown command.
Unknown command.
Unknown command.
The wight attacks as it pursues you!
The wight hits you with a +0 long sword!
You die...

#_________.#
#_________.#
#_______...#######
##########'##.....
#.?(.')))'.##.....
##########.##.....
#..........)'.....
#'#####†#####.....
#@#..#...'.##.....
#z#..#...#.#####'#
#.#..#####.##.....
#)#..'...#.##.....
#.#..'...'.##.....
#.#..########...<.
#.#..'.)))[##.....
#.#..#.)))[##.....
#'###########.....


You could see a wight.

Vanquished Creatures
  A scorpion (D)
  A wight (D)
  A quasit (D)
  A river rat (D)
  2 ufetubi (D)
  An endoplasm (D)
  A ball python (D)
  A bat (D)
  A kobold (D)
10 creatures vanquished.

Notes
Turn   | Place    | Note
-------+----------+-------------------------------------------
     0 | D        | sircluck the Troll Berserker began the quest for the Orb.
     0 | D        | Reached XP level 1. HP: 22/22 MP: 0/0
    31 | D        | Found a bloodstained altar of Trog.
    31 | D        | Found a shimmering blue altar of Sif Muna.
    31 | D        | Found a viscous altar of Jiyva.
    31 | D        | Found a hazy altar of Hepliaklqana.
    31 | D        | Found an opulent altar of Gozag.
    32 | D        | Found a glowing golden altar of the Shining One.
    32 | D        | Found a glowing silver altar of Zin.
    32 | D        | Found a basalt altar of Yredelemnul.
    32 | D        | Found a shimmering altar of Xom.
    32 | D        | Found an ornate altar of the Wu Jian Council.
    32 | D        | Found a sacrificial altar of Ru.
    32 | D        | Found a stormy altar of Qazlal.
    32 | D        | Found an iron altar of Okawaru.
    32 | D        | Found a sparkling altar of Nemelex Xobeh.
    32 | D        | Found a burning altar of Makhleb.
    32 | D        | Found a blossoming altar of Fedhas.
    32 | D        | Found a white marble altar of Elyvilon.
    32 | D        | Found a shadowy altar of Dithmenos.
    32 | D        | Found a snail-covered altar of Cheibriados.
    36 | D        | Found a corrupted altar of Lugonu.
    36 | D        | Found a radiant altar of Vehumet.
    37 | D        | Found a broken altar of Ashenzari.
    37 | D        | Found an ancient bone altar of Kikubaaqudgha.
    37 | D        | Found a hide-covered altar of Uskayaw.
    76 | D        | Noticed a scorpion
    87 | D        | Killed a scorpion
    87 | D        | Reached ** piety under Trog
    88 | D        | Reached skill level 5 in Unarmed Combat
    88 | D        | Reached XP level 2. HP: 22/33 MP: 1/1
    88 | D        | Reached XP level 3. HP: 27/40 MP: 2/2
   128 | D        | Reached *** piety under Trog
   129 | D        | Reached XP level 4. HP: 45/49 MP: 3/3
   143 | D        | Reached skill level 5 in Fighting
   143 | D        | Reached skill level 6 in Unarmed Combat
   144 | D        | Reached skill level 5 in Dodging
   198 | D        | Reached **** piety under Trog
   199 | D        | Reached XP level 5. HP: 13/59 MP: 4/4
   200 | D        | Slain by a wight

Illustrated notes

Levels and vault maps discovered:
D:        pitsprint [storerooms_1, entrance_room_1, metal_vault_1, armoury_3,
          mini_pit_1, grid_room_1, main_hall_1, silver_pit, the_coven_2,
          the_vestibule_1, steel_vault_3, golden_pit, hallway_of_sentries,
          crystal_vault_4, iron_vault_4, final_vault]

Skill      XL: |  1  2  3  4 |
---------------+-------------+-----
Fighting       | 4 5 |  5.7
Dodging        | 4 5 |  5.6
Unarmed Combat | 5 6 |  6.7

Action                     |  1- 3 |  4- 6 || total
---------------------------+-------+-------++-------
  Melee: Unarmed           |    21 |    15 ||    36
 Armour: Animal skin       |    17 |    14 ||    31
  Dodge: Dodged            |    17 |    21 ||    38

Table legend: (Time is in decaauts)
 A = Elapsed time spent in this place.
 B = Non-inter-level travel time spent in this place.
 C = Inter-level travel time spent in this place.
 D = Time resting spent in this place.
 E = Time spent auto-exploring this place.
 F = Levels seen in this place.
 G = Mean time per level.
                   A        B        C        D        E       F      G
               +--------+--------+--------+--------+--------+-----+--------+
         Total |    197 |    197 |      0 |      0 |     91 |   1 |  197.0 |
       Dungeon |    197 |    197 |      0 |      0 |     91 |   1 |  197.0 |
               +--------+--------+--------+--------+--------+-----+--------+

Top non-repeatable levels by time:
       D: 197 daAuts
